 Dungeon Sprint DCSS version 0.21.2 (webtiles) character file.

17910 Fang the Severer (level 12, -25/139 HPs)
             Began as a Gargoyle Berserker on Dec 20, 2018.
             Was the Champion of Trog.
             Annihilated by Qonahad the pandemonium lord (48 damage)
             ... in the Dungeon (Sprint VII: "The Pits").
             The game lasted 00:08:27 (2996 turns).

Fang the Severer (Gargoyle Berserker)               Turns: 2996, Time: 00:08:29

Health: -25/139    AC: 32    Str: 30    XL:     12   Next: 53%
Magic:  0/4        EV: 12    Int:  9    God:    Trog [******]
Gold:   22         SH:  0    Dex:  9    Spells: 11/11 levels left

rFire    + . .     SeeInvis .   m - +9 war axe (antimagic)
rCold    + . .     Gourm    .   (no shield)
rNeg     + . .     Faith    .   b - +0 gold dragon scales
rPois    ∞         Spirit   .   j - +0 helmet
rElec    +         Reflect  .   (no cloak)
rCorr    .         Harm     .   (no gloves)
MR       .....     NoTele   +   (no boots)
Stlth    ..........             (no amulet)
HPRegen  0.33/turn              r - +3 ring of protection
MPRegen  0.09/turn              p - +3 ring of evasion

@: berserking, very quick
A: negative energy resistance 1, electricity resistance, unbreathing,
petrification resistance, rot immunity, AC +8
a: Berserk, Trog's Hand, Brothers in Arms, Burn Spellbooks, Renounce Religion


You were in the Dungeon.
You worshipped Trog.
Trog was exalted by your worship.
You were very hungry.

You visited 1 branch You collected 22 gold pieces.

Inventory:

Hand Weapons
 m - a +9 antimagic war axe (weapon)
 t - a +1 broad axe of chopping
Armour
 b - +0 gold dragon scales (worn)
 j - a +0 helmet (worn)
 E - a +4 plate armour
Jewellery
 p - a +3 ring of evasion (right hand)
 r - a +3 ring of protection (left hand)
 v - an uncursed ring of protection from magic
 x - an uncursed ring of protection from cold
Scrolls
 i - 3 scrolls of blinking
 k - 4 scrolls of remove curse
 l - a scroll of summoning
 w - a scroll of identify
 y - 2 scrolls of fear
 B - a scroll of fog
Potions
 a - 2 potions of invisibility
 d - 9 potions of curing
 e - 14 potions of heal wounds
 f - 2 potions of haste
 g - 4 potions of magic
 h - 3 potions of berserk rage
 o - 2 potions of resistance
 q - 3 potions of agility
 s - 4 potions of might
 A - 2 potions of brilliance
Comestibles
 c - 8 rations


   Skills:
 + Level 18.3 Fighting
 + Level 18.9 Axes
 + Level 13.3 Armour
 + Level 7.2 Dodging
 + Level 3.3 Stealth


You had 11 spell levels left.
You didn't know any spells.

Dungeon Overview and Level Annotations

Branches:
Dungeon (1/1)

Altars:
Ashenzari
Cheibriados
Dithmenos
Elyvilon
Fedhas
Gozag
Hepliaklqana
Kikubaaqudgha
Makhleb
Nemelex Xobeh
Okawaru
Qazlal
Ru
Sif Muna
Trog
Uskayaw
Vehumet
Wu Jian
Xom
Yredelemnul
Zin
The Shining One
Beogh
Jiyva
Lugonu


Innate Abilities, Weirdness & Mutations

You are resistant to torment.
Your stone body is resilient. (AC +8)
You are immune to poison.
You resist negative energy. (rN+)
You are resistant to electric shocks. (rElec)
You can survive without breathing.
You are immune to petrification.
You are immune to rotting.


Message History

Your gold dragon scales prevents you from hitting Qonahad.
Qonahad hits you!!
You completely miss Qonahad. You completely miss Qonahad.
Qonahad barely misses you.
You closely miss Qonahad. Qonahad hits you!
You are too injured to fight recklessly!
You are too injured to fight recklessly!
You are too injured to fight recklessly!
You are too injured to fight recklessly!
You slash Qonahad!
Qonahad is lightly wounded.
You completely miss Qonahad.
Qonahad is lightly wounded.
Qonahad hits you!!!
* * * LOW HITPOINT WARNING * * *
Unknown command.
You miss Qonahad.
Qonahad is lightly wounded.
Qonahad hits you!!!
You die...

#+# #.# #&# #@#
#'# #.# #÷# #.#
#'# #.# #'#
################'#


You could see Qonahad.

Vanquished Creatures
  A golden dragon (D)
  A Tzitzimitl (D)
  A minotaur (D)
  2 two-headed ogres (D)
  A shadow wraith (D)
  A deep troll (D)
  A deep elf mage (D)
  An orc knight (D)
  A cyclops (D)
  Joseph (D)
  A smoke demon (D)
  2 gargoyles (D)
  An eye of devastation (D)
  A demonic crawler (D)
  A tormentor (D)
  A yaktaur (D)
  2 freezing wraiths (D)
  A polar bear (D)
  A hippogriff (D)
  6 slime creatures (D)
  An air elemental (D)
  A shadow (D)
  A wyvern (D)
  A spriggan (D)
  A ynoxinul (D)
  2 redbacks (D)
  A basilisk (D)
  A chaos spawn (D)
  2 vampire mosquitoes (D)
  A warg (D)
  An acid dragon (D)
  2 floating eyes (D)
  A porcupine (D)
  A soldier ant (D)
  An orc warrior (D)
  5 wolves (D)
  2 crocodiles (D)
  Blork the orc (D)
  3 killer bees (D)
  A hound (D)
  An orc wizard (D)
  2 worker ants (D)
  2 mummies (D)
  5 gnolls (D)
  An ufetubus (D)
  A leopard gecko (D)
  6 orcs (D)
  A ball python (D)
  A giant cockroach (D)
  3 goblins (D)
  2 bats (D)
  A frilled lizard (D)
  A giant cockroach zombie (D)
  A kobold (D)
  A quokka skeleton (D)
87 creatures vanquished.

Vanquished Creatures (collateral kills)
  A death cob (D)
  A hydra (D)
  A black mamba (D)
  A rime drake (D)
  A polar bear (D)
  A floating eye (D)
  An eye of draining (D)
  A gnoll shaman (D)
  2 gnolls (D)
  A river rat (D)
  An adder skeleton (D)
  A bat skeleton (D)
13 creatures vanquished.

Grand Total: 100 creatures vanquished

Notes
Turn   | Place    | Note
-------+----------+-------------------------------------------
     0 | D        | Fang the Gargoyle Berserker began the quest for the Orb.
     0 | D        | Reached XP level 1. HP: 14/14 MP: 1/1
    11 | D        | Noticed a floating eye
    15 | D        | Paralysed by a floating eye for 2 turns
    19 | D        | Killed a floating eye
    19 | D        | Reached skill level 5 in Axes
    19 | D        | Reached XP level 2. HP: 23/23 MP: 2/2
    19 | D        | Reached XP level 3. HP: 28/28 MP: 3/3
    19 | D        | Reached XP level 4. HP: 32/32 MP: 4/4
    24 | D        | Found a bloodstained altar of Trog.
    24 | D        | Found a deep blue altar of Sif Muna.
    24 | D        | Found a viscous altar of Jiyva.
    24 | D        | Found a hazy altar of Hepliaklqana.
    24 | D        | Found an opulent altar of Gozag.
    25 | D        | Found a glowing golden altar of the Shining One.
    25 | D        | Found a glowing silver altar of Zin.
    25 | D        | Found a basalt altar of Yredelemnul.
    25 | D        | Found a shimmering altar of Xom.
    25 | D        | Found an ornate altar of the Wu Jian Council.
    25 | D        | Found a sacrificial altar of Ru.
    25 | D        | Found a stormy altar of Qazlal.
    25 | D        | Found an iron altar of Okawaru.
    25 | D        | Found a sparkling altar of Nemelex Xobeh.
    25 | D        | Found a burning altar of Makhleb.
    25 | D        | Found a blossoming altar of Fedhas.
    25 | D        | Found a white marble altar of Elyvilon.
    25 | D        | Found a shadowy altar of Dithmenos.
    25 | D        | Found a snail-covered altar of Cheibriados.
    28 | D        | Found a corrupted altar of Lugonu.
    28 | D        | Found a radiant altar of Vehumet.
    28 | D        | Found a roughly hewn altar of Beogh.
    79 | D        | Reached ** piety under Trog
    94 | D        | Noticed a warg
    97 | D        | Reached *** piety under Trog
   105 | D        | Killed a warg
   105 | D        | Reached XP level 5. HP: 40/40 MP: 5/5
   105 | D        | Reached XP level 6. HP: 45/45 MP: 6/6
   197 | D        | Noticed Blork the orc
   203 | D        | Reached **** piety under Trog
   205 | D        | Killed Blork the orc
   205 | D        | Reached skill level 5 in Armour
   206 | D        | Reached ***** piety under Trog
   265 | D        | Received a gift from Trog
   270 | D        | Noticed a gargoyle
   280 | D        | Killed a gargoyle
   280 | D        | Reached skill level 10 in Fighting
   280 | D        | Reached skill level 10 in Axes
   280 | D        | Reached XP level 7. HP: 5/53 MP: 7/7
   683 | D        | Noticed a two-headed ogre
   683 | D        | Noticed a basilisk
   689 | D        | Killed a two-headed ogre
   689 | D        | Reached skill level 5 in Dodging
   689 | D        | Reached XP level 8. HP: 60/60 MP: 8/8
   834 | D        | Found a hide-covered altar of Uskayaw.
   834 | D        | Found an ancient bone altar of Kikubaaqudgha.
   834 | D        | Found a shattered altar of Ashenzari.
   884 | D        | Killed a shadow wraith
   884 | D        | Reached ****** piety under Trog
   884 | D        | Reached skill level 1 in Stealth
   884 | D        | Reached XP level 9. HP: 28/66 MP: 9/9
  1075 | D        | Noticed a two-headed ogre
  1078 | D        | Received a gift from Trog
  1082 | D        | Killed a two-headed ogre
  1088 | D        | Received a gift from Trog
  1089 | D        | Reached XP level 10. HP: 73/73 MP: 10/10
  1268 | D        | Received a gift from Trog
  1509 | D        | Reached skill level 15 in Axes
  1636 | D        | Noticed a smoke demon
  1636 | D        | Noticed a deep troll
  1644 | D        | Killed a smoke demon
  1645 | D        | Killed a deep troll
  1645 | D        | Received a gift from Trog
  1700 | D        | Noticed a minotaur
  1700 | D        | Noticed a cyclops
  1702 | D        | Noticed a deep elf mage
  1708 | D        | Killed a cyclops
  1708 | D        | Reached skill level 10 in Armour
  1712 | D        | Killed a minotaur
  1712 | D        | Reached skill level 15 in Fighting
  1712 | D        | Reached XP level 11. HP: 81/81 MP: 3/11
  1715 | D        | Killed a deep elf mage
  1775 | D        | Noticed a seven-headed hydra
  1776 | D        | Noticed a death cob
  1792 | D        | Killed a nine-headed hydra
  1792 | D        | Received a gift from Trog
  1801 | D        | Paralysed by a floating eye for 3 turns
  1810 | D        | Received a gift from Trog
  1828 | D        | Killed a death cob
  2296 | D        | Noticed Joseph
  2297 | D        | Noticed an orc knight
  2306 | D        | Killed an orc knight
  2310 | D        | Killed Joseph
  2312 | D        | Received a gift from Trog
  2432 | D        | Received a gift from Trog
  2492 | D        | Received a gift from Trog
  2494 | D        | Reached XP level 12. HP: 91/91 MP: 4/12
  2566 | D        | Noticed a Tzitzimitl
  2581 | D        | Killed a Tzitzimitl
  2768 | D        | Noticed a golden dragon
  2776 | D        | Killed a golden dragon
  2988 | D        | Noticed Qonahad the pandemonium lord
  2996 | D        | Annihilated by Qonahad the pandemonium lord

Skill      XL: |  1  2  3  4  5  6  7  8  9 10 11 12 |
---------------+-------------------------------------+-----
Fighting       | 6 8 10 11 12 13 15 17 18 | 18.3
Axes           | 5 7 10 11 13 14 16 18 | 18.9
Armour         | 3 4 5 6 7 8 10 12 13 | 13.3
Dodging        | 2 3 4 5 6 7 |  7.2
Stealth        | 1 2 3 |  3.3

Action                   |  1- 3 |  4- 6 |  7- 9 | 10-12 || total
-------------------------+-------+-------+-------+-------++-------
Melee: Hand axe          |     6 |    39 |    25 |       ||    70
       Broad axe         |       |       |    30 |    32 ||    62
       War axe           |       |       |       |   119 ||   119
       Battleaxe         |       |       |       |    16 ||    16
Invok: Berserk           |       |     3 |     3 |     9 ||    15
       Brothers in Arms  |       |       |       |     5 ||     5
  Use: Scroll            |       |       |       |     8 ||     8
  Eat: Chunk             |       |       |     5 |     8 ||    13
       Ration            |       |       |       |     2 ||     2
Armor: Animal skin       |       |     3 |       |       ||     3
       Ring mail         |       |     2 |     2 |       ||     4
       Chain mail        |       |       |    20 |    73 ||    93
       Plate armour      |       |       |       |    33 ||    33
       Gold dragon scale |       |       |       |     2 ||     2
Dodge: Dodged            |       |    23 |    43 |   115 ||   181
